 Dungeon Crawl Stone Soup version 0.30-a0-585-g93115170b9 (webtiles) character file.

Game seed: 16062820600890769643

319896 MineK the Eclecticist (level 21, -15/160 (169) HPs)
             Began as a Gnoll Wanderer on Dec 29, 2022.
             Was the Champion of Vehumet.
             Demolished by Mara (illusionary)
             ... wielding a +2 demon trident of venom
              (18 damage)
             ... on level 3 of the Shoals on Jan 1, 2023.
             The game lasted 07:45:27 (80049 turns).

MineK the Eclecticist (Gnoll Wanderer)             Turns: 80049, Time: 07:45:28

HP:   -15/160 (169) AC: 19    Str: 19    XL:     21   Next: 49%
MP:   4/42          EV: 19    Int: 31    God:    Vehumet [******]
Gold: 2656          SH: 13    Dex: 14    Spells: 11/54 levels left

rFire   x . .      SeeInvis .    S - staff of cold
rCold   + + +      Faith    .    Y - +0 buckler {rN+}
rNeg    + . .      Spirit   .    r - +2 robe {Will+}
rPois   +          Reflect  +    W - +1 helmet of Henotheism {rC+ Str+6 Dex+3 Slay-4}
rElec   .          Harm     .    y - +2 cloak {Will+}
rCorr   .          Rampage  .    Q - +2 pair of gloves {Str+3}
Will    +++..                    X - +0 pair of boots {Fly}
Stlth   ++++++                   p - amulet of reflection
HPRegen 0.46/turn                D - +6 ring of intelligence
MPRegen 0.28/turn                i - ring of ice

@: lethally poisoned (-15 -> -18), flying, studying Stealth, drained
A: fangs 1, strong nose, distributed training, iridescent scales 1, poison
resistance
}: 2/15 runes: serpentine, barnacled
a: Renounce Religion


You were on level 3 of the Shoals.
You worshipped Vehumet.
Vehumet was exalted by your worship.
You visited 8 branches of the dungeon, and saw 35 of its levels.
You visited the Abyss 1 time.
You also visited: Gauntlet, Ice Cave and Volcano.

You collected 5250 gold pieces.
You spent 2594 gold pieces at shops.

Inventory:

Missiles
 x - a throwing net (quivered)
Armour
 e - a scarf of resistance
 r - a +2 robe of willpower (worn)
 y - a +2 cloak of willpower (worn)
 F - a +2 helmet of see invisible
 L - a +3 leather armour of resistance
 Q - a +2 pair of gloves of strength (worn)
 W - the +1 helmet of Henotheism (worn) {rC+ Str+6 Dex+3 Slay-4}
   (You found it in an ice cave)

   Str:       It affects your strength (+6).
   Dex:       It affects your dexterity (+3).
   Slay:      It affects your accuracy & damage with ranged weapons and melee
   (-4).
   rC:        It protects you from cold.
 X - a +0 pair of boots of flying (worn)
 Y - a +0 buckler of positive energy (worn)
Magical Staves
 O - a staff of earth
 S - a staff of cold (weapon)
Jewellery
 i - a ring of ice (right hand)
 p - an amulet of reflection (around neck)
 u - a ring of see invisible
 z - a ring of willpower
 D - a +6 ring of intelligence (left hand)
 I - the ring "Qiso" {rPois rCorr Str+6 Dex-4}
   (You took it off a deep elf death mage on level 3 of the Elven Halls)

   [ring of resist corrosion]

   Str:       It affects your strength (+6).
   Dex:       It affects your dexterity (-4).
   rPois:     It protects you from poison.
   rCorr:     It protects you from acid and corrosion.
 V - a ring of positive energy
Wands
 a - a wand of iceblast (16)
 c - a wand of polymorph (20)
 C - a wand of paralysis (18)
 J - a wand of digging (35)
 K - a wand of quicksilver (15)
 M - a wand of mindburst (15)
 U - a wand of flame (36)
Scrolls
 f - 6 scrolls of teleportation
 k - 8 scrolls of fog
 l - a scroll of magic mapping
 o - 2 scrolls of silence
 q - a scroll of blinking
 w - 2 scrolls of butterflies
 T - 5 scrolls of fear
 Z - 17 scrolls of poison
Potions
 b - 5 potions of haste
 d - 8 potions of curing
 g - 6 potions of brilliance
 j - 3 potions of cancellation
 s - 2 potions of magic
 t - a potion of invisibility
 B - 11 potions of flight
 E - a potion of resistance
 G - 3 potions of might
 P - 6 potions of ambrosia
Miscellaneous
 h - a phial of floods
 A - a condenser vane
 H - a lightning rod (4/4)
 R - a phantom mirror


   Skills:
 + Level 15.5 Fighting
 + Level 14.9 Short Blades
 + Level 14.9 Long Blades
 + Level 14.9 Axes
 + Level 14.9 Maces & Flails
 + Level 14.9 Polearms
 + Level 14.9 Staves
 + Level 14.9 Ranged Weapons
 + Level 14.9 Throwing
 + Level 14.9 Armour
 + Level 14.9 Dodging
 + Level 15.3 Stealth
 + Level 14.9 Shields
 + Level 14.9 Unarmed Combat
 + Level 17.2 Spellcasting
 + Level 12.7 Conjurations
 + Level 12.7 Hexes
 + Level 12.7 Summonings
 + Level 12.7 Necromancy
 + Level 12.7 Translocations
 + Level 12.7 Transmutations
 + Level 13.7 Fire Magic
 + Level 12.7 Ice Magic
 + Level 12.7 Air Magic
 + Level 12.7 Earth Magic
 + Level 12.7 Poison Magic
 + Level 16.2 Invocations
 + Level 14.9 Evocations


You had 11 spell levels left.
You knew the following spells:

 Your Spells              Type           Power      Damage    Failure   Level
a - Stone Arrow           Conj/Erth      100%       3d13      1%          3
b - Foxfire               Conj/Fire      100%       2x1d9     0%          1
c - Passage of Golubria   Tloc           81%        N/A       1%          4
d - Lee's Rapid Deconstr  Erth           40%        3d20*     1%          5
f - Sticky Flame          Conj/Fire      83%        2d9       1%          4
g - Searing Ray           Conj           100%       2d8       0%          2
h - Blink                 Tloc           100%       N/A       0%          2
i - Sandblast             Erth           100%       2d20      0%          1
j - Swiftness             Air            81%        N/A       1%          3
q - Ozocubu's Refrigerat  Ice            63%        4d21      2%          7
r - Iskenderun's Battles  Conj           81%        2d13      1%          5
s - Iron Shot             Conj/Erth      40%        9d8       1%          6

Your spell library contained the following spells:

 Spells                   Type           Power      Damage    Failure   Level
 Necrotise                Necr           100%       1d9       0%          1
 Shock                    Conj/Air       100%       1d9       0%          1
 Sting                    Tmut/Pois      100%       1d8       0%          1
 Summon Small Mammal      Summ           100%       N/A       0%          1
 Call Imp                 Summ           81%        N/A       0%          2
 Static Discharge         Conj/Air       100%       2-7/arc   0%          2
 Inner Flame              Hex/Fire       83%        N/A       0%          3
 Call Canine Familiar     Summ           81%        N/A       1%          3
 Frozen Ramparts          Ice            100%       1d16      1%          3
 Hailstorm                Conj/Ice       100%       3d20      1%          3
 Ignite Poison            Fire/Tmut/Pois 82%        N/A       1%          3
 Mephitic Cloud           Conj/Pois/Air  81%        N/A       1%          3
 Ozocubu's Armour         Ice            100%       N/A       1%          3
 Summon Guardian Golem    Hex/Summ       81%        N/A       1%          3
 Tukima's Dance           Hex            81%        N/A       1%          3
 Vampiric Draining        Necr           81%        2d11      1%          3
 Vhi's Electric Charge    Tloc/Air       100%       N/A       1%          3
 Airstrike                Air            40%        2d(6-22)  1%          4
 Anguish                  Hex/Necr       40%        N/A       1%          4
 Flame Wave               Conj/Fire      83%        2d18      1%          4
 Ice Form                 Ice/Tmut       100%       N/A       1%          4
 Leda's Liquefaction      Hex/Erth       40%        N/A       1%          4
 Manifold Assault         Tloc           81%        N/A       1%          4
 Summon Ice Beast         Ice/Summ       100%       N/A       1%          4
 Summon Lightning Spire   Summ/Air       81%        N/A       1%          4
 Agony                    Necr           81%        N/A       1%          5
 Arcjolt                  Conj/Air       40%        1d50      1%          5
 Borgnjor's Vile Clutch   Necr/Erth      40%        N/A       1%          5
 Freezing Cloud           Conj/Ice/Air   63%        6-21      1%          5
 Lightning Bolt           Conj/Air       40%        1d59      1%          5
 Metabolic Englaciation   Hex/Ice        63%        N/A       1%          5
 Silence                  Hex/Air        40%        N/A       1%          5
 Summon Forest            Summ/Tloc      40%        N/A       1%          5
 Yara's Violent Unravell  Hex/Tmut       40%        3d16      1%          5
 Eringya's Noxious Bog    Tmut/Pois      40%        N/A       1%          6
 Simulacrum               Ice/Necr       63%        N/A       1%          6
 Statue Form              Tmut/Erth      54%        N/A       1%          6
 Spellforged Servitor     Conj/Summ      40%        N/A       2%          7
 Summon Hydra             Summ           40%        N/A       9%          7
 Ignition                 Fire           42%        3d12      11%         8
 Lehudib's Crystal Spear  Conj/Erth      40%        10d10     17%         8
 Borgnjor's Revivificati  Necr           40%        N/A       54%         8
 Infestation              Necr           40%        N/A       54%         8
 Necromutation            Tmut/Necr      40%        N/A       54%         8
 Fire Storm               Conj/Fire      41%        8d11      86%         9
 Chain Lightning          Conj/Air       40%        3d54      90%         9
 Polar Vortex             Ice            63%        N/A       90%         9
 Shatter                  Erth           40%        3d32*     90%         9
 Death's Door             Necr           40%        N/A       100%        9


Dungeon Overview and Level Annotations

Branches:
Dungeon (15/15)            Temple (1/1) D:5            Lair (5/5) D:11
 Shoals (4/4) Lair:2        Snake (4/4) Lair:2        Slime (0/5) Lair:5
    Orc (2/2) D:9             Elf (3/3) Orc:2        Vaults (0/5) D:14
 Depths (1/4) D:15          IceCv (visited)         Volcano (visited)
Gauntlet (visited)

Altars:
Ashenzari
Cheibriados
Dithmenos
Elyvilon
Fedhas
Gozag
Hepliaklqana
Kikubaaqudgha
Makhleb
Nemelex Xobeh
Okawaru
Qazlal
Ru
Sif Muna
Trog
Uskayaw
Vehumet
Wu Jian
Xom
Yredelemnul
Zin
The Shining One
Jiyva

Shops:
D:5 *(   D:9 (   D:11 :=(*   Orc:2 :([[   Elf:1 **   Shoals:1 [:*(   Shoals:2 :
Shoals:3 (   Shoals:4 [:*:(   Snake:2 ![*?

Portals:
Trove: D:10 (give +2 fire dragon scales)

Annotations:
D:11 1 exclusion
Shoals:3 Mara
Depths:1 2 transporters, lmSkywalker's ghost, adept DrTm


Innate Abilities, Weirdness & Mutations

You have very sharp teeth.
Your uncanny sense of smell can sniff out nearby items.
Your experience applies equally to all skills.
You are partially covered in iridescent scales. (AC +2)
Your system is resistant to poisons. (rPois)


Message History

The stone arrow hits Mara!!
You kill Mara!
Mara shimmers and vanishes!
Mara is nearby!
Mara gestures.
You block Mara's attack.
You hit Mara but do no damage. You freeze Mara!
Mara is almost dead.
You completely miss Mara.
Mara is almost dead.
Mara blinks!
Mara gestures at you. The bolt of fire hits you!! The fire burns you terribly!
Mara hits you from afar with a +2 demon trident of venom.
There is a stone staircase leading up, spattered with blood here.
Mara weaves an illusion.
Mara shimmers and seems to become three!
You hit Mara but do no damage. You freeze Mara. Your bite misses Mara.
Mara is almost dead.
Mara hits you with a +2 demon trident of venom.
You are poisoned.
Mara barely misses you.
Mara hits you with a +2 demon trident of venom!!
Mara splashes around in the water.
Mara blinks!
You hit Mara. You freeze Mara. Your bite misses Mara.
Mara is almost dead.
You feel sick. Mara attacks as you move away! Mara completely misses you.
You feel sick.
Mara hits you from afar with a +2 demon trident of venom.
Mara points ostentatiously.
Mara hits you from afar with a +2 demon trident of venom.
Mara gestures at you.
There is a horrible, sudden wrenching feeling in your soul!
There is a stone staircase leading up, spattered with blood here.
You feel sick. Mara gestures at you. The bolt of fire hits you!!!
The fire burns you terribly!
* * * LOW HITPOINT WARNING * * *
Mara hits you from afar with a +2 demon trident of venom!!
You die...

≈≈≈≈≈≈≈≈≈≈PP#####.~~~.~....~.....
≈≈≈≈≈≈≈≈≈PPP## #.~~.....~~~~...#
≈≈≈≈≈≈≈≈~PP..# ##.......~~~~~.##
≈≈≈≈≈≈≈≈~~~..# ##...~~~~~~~...#
≈≈≈≈≈≈≈≈~~...# #...~...~~...[#
≈≈≈≈≈≈≈≈~.P.## ###.........###.#
≈≈≈≈≈≈≈≈~...# ###...@~~....## ###
≈≈≈≈≈≈≈≈~...###...R.......P# #
≈≈≈≈≈≈≈≈~~......@.R~~~~....# ##
≈≈≈≈≈≈≈≈~~........R~~..~~~..####.
≈≈≈≈≈≈≈≈≈~~~...~~~~~...~~?P.PP...
≈≈≈≈≈≈≈≈≈≈~~~~~~~~~....~~~P~....~
≈≈≈≈≈≈≈≈≈≈≈~~~~≈≈~~..~~~PP~P.P..~
≈≈≈≈≈≈≈≈≈≈≈≈≈≈≈≈≈≈~~~~≈≈~P~P~~~~~
≈≈≈≈≈≈≈≈≈≈≈≈≈≈≈≈≈≈≈≈≈≈≈≈≈≈≈~~~~~≈
≈≈≈≈≈≈≈≈≈≈≈≈≈≈≈≈≈≈≈≈≈≈≈≈≈≈≈≈≈≈≈≈≈
≈≈≈≈≈≈≈≈≈≈≈≈≈≈≈≈≈≈≈≈≈≈≈≈≈≈≈≈≈≈≈≈≈


You could see 3 Maras and MineK's illusion (very poisoned).

Vanquished Creatures
  An Ice Fiend (IceCv)
  5 deep elf blademasters
  An acid blob (Lair:5)
  4 deep elf master archers (Elf:3)
  A sphinx (Elf:3)
  An Executioner (Abyss:3)
  Polyphemus (Shoals:2)
  3 tentacled starspawn (Abyss:3)
  Agnes (Snake:4)
  2 tengu reavers (Depths:1)
  7 nagarajas
  Roxanne (Elf:3)
  An iron dragon (D:14)
  Donald (Elf:3)
  The ghost of wormed the Imperceptible, an adept SpHu of Okawaru (Shoals:2)
  6 deep elf sorcerers
  A frost giant (Depths:1)
  3 deep elf elementalists (Elf:3)
  A stone giant (Depths:1)
  2 orc warlords
  The ghost of lotum the Severer, a journeyman GrFi of the Shining One (Lair:4)
  5 deep elf demonologists (Elf:3)
  A very ugly thing (D:15)
  A dire elephant (Lair:5)
  8 deep elf annihilators
  A minotaur (Gauntlet)
  4 ettins
  3 deep elf death magi (Elf:3)
  A blizzard demon (Gauntlet)
  2 merfolk javelineers
  The ghost of billz999 the Fighter, a journeyman DjFE of Makhleb (Lair:2)
  2 fire dragons
  7 deep elf high priests
  Josephine (D:11)
  10 merfolk impalers
  7 hydras
  3 merfolk avatars
  A rakshasa (D:14)
  5 salamander tyrants
  An alligator snapping turtle (Shoals:4)
  A death knight (D:14)
  13 two-headed ogres
  2 boulder beetles
  6 merfolk aquamancers
  3 ice dragons
  10 anacondas
  4 catoblepae
  An ogre mage (D:15)
  22 dancing weapons
  6 centaur warriors
  5 deep troll shamans
  15 naga sharpshooters
  2 tengu warriors (D:15)
  A death scarab (Gauntlet)
  21 death yaks
  A satyr (Shoals:2)
  A vampire mage (Depths:1)
  5 shock serpents
  7 deep troll earth magi
  13 naga warriors
  A thrashing horror (Abyss:3)
  A hell hog (Volcano)
  A shock serpent (shapeshifter) (Elf:2)
  3 orc high priests
  The ghost of Shayle the Nimble, a novice TeRe of Kikubaaqudgha (D:9)
  22 deep elf knights
  3 spriggans (Lair:5)
  4 iron trolls
  A skeletal warrior (D:14)
  4 salamander mystics
  A wretched star (Abyss:3)
  13 sea snakes
  An obsidian statue (IceCv)
  15 deep trolls
  A bog body (IceCv)
  8 naga ritualists
  8 spriggan simulacra (IceCv)
  11 deep elf archers
  4 lindwurms (Lair:2)
  12 harpies
  3 wizards
  18 orc knights
  23 deep elf zephyrmancers
  2 necromancers (D:14)
  12 manticores
  An orc sorcerer (Elf:3)
  7 cyclopes
  7 fauns
  26 deep elf pyromancers
  7 mana vipers
  20 salamanders
  12 ugly things
  A moth of wrath (shapeshifter) (D:14)
  7 merfolk sirens
  A centaur zombie (D:9)
  Joseph (D:7)
  8 guardian serpents
  12 naga magi
  46 black mambas
  9 water nymphs
  A smoke demon (Abyss:3)
  12 elephants
  3 gargoyles
  4 orange demons (D:14)
  7 komodo dragons
  14 cane toads
  An unseen horror (D:12)
  A tormentor (Abyss:3)
  A kobold demonologist (D:11)
  A rime drake (Lair:5)
  7 ice devils
  6 freezing wraiths
  2 efreet
  2 ancient zymes (Abyss:3)
  A golden dragon simulacrum (IceCv)
  3 tengu conjurers (D:15)
  A hellion (Abyss:3)
  An anaconda simulacrum (IceCv)
  7 trolls
  21 merfolk
  2 red devils (D:14)
  3 meliai (D:13)
  3 polar bears (Lair:5)
  Grinder (D:3)
  9 snapping turtles
  3 hornets
  4 blink frogs (Lair:3)
  5 wind drakes
  4 dream sheep
  A spectral dream sheep (Gauntlet)
  12 slime creatures
  3 large abominations (Abyss:3)
  3 air elementals
  3 centaur simulacra (D:9)
  7 wyverns
  A dire elephant simulacrum (IceCv)
  9 water elementals
  A shadow (D:10)
  9 fire bats
  A jumping spider (shapeshifter) (Elf:1)
  7 wraiths
  A ynoxinul (Abyss:3)
  35 yaks
  5 fire elementals
  A chaos spawn (Abyss:3)
  A neqoxec (Abyss:3)
  2 steam dragons (D:9)
  9 minotaur simulacra (IceCv)
  Menkaure (D:7)
  4 wargs
  4 harpy simulacra (IceCv)
  11 vampire mosquitoes
  67 nagas
  2 acid dragons
  12 water moccasins
  Duvessa (D:7)
  A meliai simulacrum (D:9)
  56 orc warriors
  2 sky beasts (D:7)
  2 ice beasts
  A tengu (shapeshifter) (D:14)
  4 black bears
  An alligator simulacrum (IceCv)
  4 boggarts
  7 centaurs
  8 ogres
  An ogre (shapeshifter) (D:14)
  23 wolves
  2 kobold brigands
  11 bullfrogs
  2 gnoll sergeants
  A scorpion (D:6)
  10 deep troll simulacra (IceCv)
  3 earth elementals
  10 small abominations
  8 wights
  Dowan (D:7)
  13 killer bees
  2 lindwurm simulacra (IceCv)
  3 electric eels (Snake:2)
  10 howler monkeys
  3 hounds
  An iron imp (D:6)
  A gnoll bouda (D:7)
  29 orc priests
  4 jellies
  3 iguanas
  31 orc wizards
  13 gnolls
  9 adders
  A shadow imp (D:7)
  4 white imps
  An ufetubus (Abyss:3)
  2 worms (D:5)
  A dart slug (D:3)
  115 orcs
  5 endoplasms
  5 giant cockroaches
  10 goblins
  10 hobgoblins
  9 jackals
  3 quokkas (D:2)
  5 ball pythons
  9 bats
  2 frilled lizards
  A goblin skeleton (D:6)
  2 goblin zombies (D:6)
  5 hobgoblin zombies (D:6)
  16 kobolds
  2 kobold zombies (D:6)
  An orc zombie (D:6)
  3 rats
  A butterfly (Lair:4)
  A lurking horror (Abyss:3)
  A plant (Shoals:2)
  3 starspawn tentacles (Abyss:3)
1427 creatures vanquished.

Vanquished Creatures (collateral kills)
  A foxfire (D:1)
1 creature vanquished.

Vanquished Creatures (others)
  A deep elf pyromancer (Elf:1)
  A centaur zombie (D:9)
  A small abomination (Abyss:3)
  A quokka (D:10)
  23 demonic plants
  1792 foxfires
  19 fungi
  99 plants
  12 starspawn tentacles (Abyss:3)
1949 creatures vanquished.

Grand Total: 3377 creatures vanquished

Notes
Turn   | Place    | Note
-------+----------+-------------------------------------------
     0 | D:1      | Reached skill level 9 in Spellcasting
     0 | D:1      | MineK the Gnoll Wanderer began the quest for the Orb.
     0 | D:1      | MineK set off with the following items: a +0 club, a potion
                  | of haste, a +0 robe, a potion of curing; and the following
                  | spells available to memorise: Foxfire, Sting, Inner Flame,
                  | Call Imp, Stone Arrow, Vampiric Draining.
     0 | D:1      | Reached XP level 1. HP: 20/20 MP: 10/10
     2 | D:1      | Learned a level 1 spell: Foxfire
   163 | D:1      | Reached XP level 2. HP: 22/26 MP: 9/12
  1089 | D:2      | Reached XP level 3. HP: 31/31 MP: 10/13
  1247 | D:2      | Reached skill level 1 in Invocations
  1666 | D:2      | Reached skill level 1 in Short Blades
  1666 | D:2      | Reached skill level 1 in Long Blades
  1666 | D:2      | Reached skill level 1 in Axes
  1666 | D:2      | Reached skill level 1 in Maces & Flails
  1666 | D:2      | Reached skill level 1 in Polearms
  1666 | D:2      | Reached skill level 1 in Staves
  1666 | D:2      | Reached skill level 1 in Ranged Weapons
  1666 | D:2      | Reached skill level 1 in Throwing
  1666 | D:2      | Reached skill level 1 in Armour
  1666 | D:2      | Reached skill level 1 in Dodging
  1666 | D:2      | Reached skill level 1 in Stealth
  1666 | D:2      | Reached skill level 1 in Shields
  1666 | D:2      | Reached skill level 1 in Unarmed Combat
  1666 | D:2      | Reached skill level 1 in Evocations
  1917 | D:2      | Reached XP level 4. HP: 38/38 MP: 12/15
  2345 | D:3      | Reached skill level 1 in Conjurations
  2345 | D:3      | Reached skill level 1 in Hexes
  2345 | D:3      | Reached skill level 1 in Summonings
  2345 | D:3      | Reached skill level 1 in Necromancy
  2345 | D:3      | Reached skill level 1 in Translocations
  2345 | D:3      | Reached skill level 1 in Transmutations
  2345 | D:3      | Reached skill level 1 in Ice Magic
  2345 | D:3      | Reached skill level 1 in Air Magic
  2345 | D:3      | Reached skill level 1 in Earth Magic
  2345 | D:3      | Reached skill level 1 in Poison Magic
  2477 | D:3      | Reached XP level 5. HP: 41/43 MP: 12/16
  2481 | D:3      | Learned a level 3 spell: Inner Flame
  2510 | D:3      | Noticed Grinder
  2519 | D:3      | Killed Grinder
  2520 | D:3      | Reached skill level 5 in Fighting
  2520 | D:3      | Reached XP level 6. HP: 39/51 MP: 9/18
  3553 | D:4      | Reached XP level 7. HP: 56/56 MP: 15/20
  3553 | D:4      | Found a radiant altar of Vehumet.
  3658 | D:4      | Became a worshipper of Vehumet
  3801 | D:5      | Entered Level 5 of the Dungeon
  4156 | D:5      | Found Ciadogon's Weapon Emporium.
  4371 | D:5      | Reached XP level 8. HP: 63/63 MP: 14/21
  4823 | D:5      | Reached * piety under Vehumet
  4823 | D:5      | Offered knowledge of Sandblast by Vehumet.
  4908 | D:5      | Reached skill level 10 in Spellcasting
  4977 | D:5      | Found Seymyist's Assorted Antiques.
  4985 | D:5      | Bought a scroll of identify for 48 gold pieces
  4985 | D:5      | Bought a scroll labelled PEJEFE ZEIX for 24 gold pieces
  4985 | D:5      | Bought a sedimented black potion for 21 gold pieces
  4985 | D:5      | Bought a cyan potion for 21 gold pieces
  5049 | D:5      | Found a staircase to the Ecumenical Temple.
  5058 | Temple   | Entered the Ecumenical Temple
  5188 | D:5      | Learned a level 4 spell: Sticky Flame
  5515 | D:6      | Found a stormy altar of Qazlal.
  5707 | D:6      | Reached XP level 9. HP: 69/69 MP: 16/23
  5752 | D:6      | Found a shadowy altar of Dithmenos.
  6162 | D:6      | Found a glowing golden altar of the Shining One.
  6178 | D:6      | Learned a level 3 spell: Vampiric Draining
  6308 | D:6      | Learned a level 1 spell: Sandblast
  6632 | D:6      | Learned a level 3 spell: Hailstorm
  6865 | D:6      | Found a glowing silver altar of Zin.
  7227 | D:7      | Noticed Joseph
  7245 | D:7      | Killed Joseph
  7452 | D:7      | Noticed Menkaure
  7456 | D:7      | Killed Menkaure
  7484 | D:7      | Reached skill level 5 in Invocations
  7485 | D:7      | Reached ** piety under Vehumet
  7485 | D:7      | Offered knowledge of Searing Ray by Vehumet.
  7489 | D:7      | Learned a level 2 spell: Searing Ray
  8165 | D:7      | Noticed Duvessa
  8169 | D:7      | Noticed Dowan
  8171 | D:7      | Killed Duvessa
  8177 | D:7      | Killed Dowan
  8179 | D:7      | Reached skill level 5 in Short Blades
  8179 | D:7      | Reached skill level 5 in Long Blades
  8179 | D:7      | Reached skill level 5 in Axes
  8179 | D:7      | Reached skill level 5 in Maces & Flails
  8179 | D:7      | Reached skill level 5 in Polearms
  8179 | D:7      | Reached skill level 5 in Staves
  8179 | D:7      | Reached skill level 5 in Ranged Weapons
  8179 | D:7      | Reached skill level 5 in Throwing
  8179 | D:7      | Reached skill level 5 in Armour
  8179 | D:7      | Reached skill level 5 in Dodging
  8179 | D:7      | Reached skill level 5 in Stealth
  8179 | D:7      | Reached skill level 5 in Shields
  8179 | D:7      | Reached skill level 5 in Unarmed Combat
  8179 | D:7      | Reached skill level 5 in Evocations
  8179 | D:7      | Reached XP level 10. HP: 61/77 MP: 6/24
  8469 | D:7      | Offered knowledge of Scorch by Vehumet.
  8622 | D:7      | Found a snail-covered altar of Cheibriados.
  9250 | D:8      | Reached *** piety under Vehumet
  9925 | D:8      | Offered knowledge of Frozen Ramparts by Vehumet.
 10160 | D:9      | Noticed a two-headed ogre
 10320 | D:9      | Noticed a cyclops
 10584 | D:9      | Noticed a two-headed ogre
 10591 | D:9      | Killed a two-headed ogre
 10592 | D:9      | Reached skill level 11 in Spellcasting
 10825 | D:9      | Found a runed translucent gate.
 10827 | D:9      | Found a runed translucent gate.
 10828 | D:9      | Found a runed translucent gate.
 10829 | D:9      | Found the +2 Maxwell's thermic engine {flame, freeze}
 10830 | D:9      | Noticed Shayle's ghost (novice TeRe)
 10906 | D:9      | Killed a cyclops
 10907 | D:9      | Reached skill level 5 in Conjurations
 10907 | D:9      | Reached skill level 5 in Hexes
 10907 | D:9      | Reached skill level 5 in Summonings
 10907 | D:9      | Reached skill level 5 in Necromancy
 10907 | D:9      | Reached skill level 5 in Translocations
 10907 | D:9      | Reached skill level 5 in Transmutations
 10907 | D:9      | Reached skill level 5 in Ice Magic
 10907 | D:9      | Reached skill level 5 in Air Magic
 10907 | D:9      | Reached skill level 5 in Earth Magic
 10907 | D:9      | Reached skill level 5 in Poison Magic
 10907 | D:9      | Reached XP level 11. HP: 72/85 MP: 4/26
 11020 | D:9      | Learned a level 3 spell: Stone Arrow
 11070 | D:9      | Found a staircase to the Orcish Mines.
 11070 | D:9      | Found Pelomnyq's Weapon Emporium.
 11107 | D:9      | Killed a two-headed ogre
 11636 | D:10     | Entered Level 10 of the Dungeon
 11690 | D:10     | Reached **** piety under Vehumet
 11773 | D:10     | Found a hazy altar of Hepliaklqana.
 11812 | D:10     | Noticed a two-headed ogre
 11918 | D:10     | Noticed a two-headed ogre
 11938 | D:10     | Killed a two-headed ogre
 12001 | D:10     | Offered knowledge of Mephitic Cloud by Vehumet.
 12006 | D:10     | Learned a level 3 spell: Mephitic Cloud
 12489 | D:10     | Killed a two-headed ogre
 12562 | D:10     | Found a white marble altar of Elyvilon.
 12831 | D:10     | Found a portal to a secret trove of treasure.
 13493 | Orc:1    | Entered Level 1 of the Orcish Mines
 14229 | Orc:1    | Noticed an orc knight
 14231 | Orc:1    | Noticed an orc knight
 14273 | Orc:1    | Killed an orc knight
 14538 | D:11     | Noticed Josephine
 14804 | D:11     | Found Fiwn's General Store.
 14812 | D:11     | Bought a wand of mindburst (5) for 84 gold pieces
 14812 | D:11     | Bought a scroll of blinking for 90 gold pieces
 14861 | D:10     | Upgraded the game from 0.30-a0-571-gdf30a72648 to
                  | 0.30-a0-576-g89cddaab80
 14871 | D:11     | Found Kosomu's Antique Weapon Shoppe.
 14883 | D:10     | Reached XP level 12. HP: 88/94 MP: 13/27
 15212 | D:11     | Found Nicafept's Jewellery Boutique.
 15226 | D:11     | Found Ezozis's Book Shop.
 15371 | D:11     | Reached ***** piety under Vehumet
 15502 | D:11     | Found a staircase to the Lair.
 15613 | D:11     | Bought a book of the Earth for 576 gold pieces
 15619 | D:11     | Learned a level 5 spell: Lee's Rapid Deconstruction
 15804 | D:11     | Offered knowledge of Eringya's Noxious Bog by Vehumet.
 15814 | D:11     | Killed Josephine
 16305 | D:9      | Killed Shayle's ghost
 16445 | Orc:1    | Reached skill level 12 in Spellcasting
 18430 | Orc:1    | Reached XP level 13. HP: 101/101 MP: 4/29
 19020 | Orc:2    | Entered Level 2 of the Orcish Mines
 19182 | Orc:2    | Found a gate leading to a gauntlet.
 19377 | Orc:2    | Found Byryfiun's Book Shoppe.
 19473 | Gauntlet | Entered a Gauntlet
 19473 | Gauntlet | Found a transporter.
 19506 | Gauntlet | Found a transporter.
 19535 | Gauntlet | Found a transporter.
 19541 | Gauntlet | Offered knowledge of Fulminant Prism by Vehumet.
 19660 | Gauntlet | Found a transporter.
 19674 | Gauntlet | Noticed a great orb of eyes
 19675 | Gauntlet | Found a transporter.
 19680 | Gauntlet | Found a transporter.
 19709 | Gauntlet | Found a transporter.
 19733 | Gauntlet | Noticed a blizzard demon
 19839 | Gauntlet | Found a transporter.
 19858 | Gauntlet | Found a transporter.
 19878 | Gauntlet | Found a transporter.
 19906 | Gauntlet | Identified the ring of Kelietov {Contam rElec EV+5 Str+7}
 19917 | Gauntlet | Killed a blizzard demon
 20028 | Gauntlet | Noticed a reaper
 20060 | Gauntlet | Found a transporter.
 20062 | Gauntlet | Found a transporter.
 20120 | Gauntlet | Noticed a minotaur
 20127 | Gauntlet | Killed a minotaur
 21215 | Orc:2    | Noticed an orc warlord
 21534 | Orc:2    | Killed an orc warlord
 21734 | Orc:2    | Found Hyateurph's Antique Armour Shop.
 21738 | Orc:2    | Found Eqittofa's Antique Weapon Boutique.
 22149 | Orc:2    | Offered knowledge of Iron Shot by Vehumet.
 22154 | Orc:2    | Reached skill level 10 in Fighting
 22297 | Orc:2    | Found Faof's Antique Armour Boutique.
 22303 | Orc:2    | Bought a pair of runed boots for 262 gold pieces
 22344 | Orc:2    | Found a staircase to the Elven Halls.
 22562 | Orc:2    | Learned a level 6 spell: Iron Shot
 22793 | Lair:1   | Entered Level 1 of the Lair of Beasts
 23690 | Lair:1   | Found a sparkling altar of Nemelex Xobeh.
 24340 | Lair:2   | Found a staircase to the Shoals.
 24511 | Lair:2   | Reached skill level 10 in Invocations
 24511 | Lair:2   | Reached XP level 14. HP: 110/110 MP: 16/30
 25160 | Lair:2   | Found a staircase to the Snake Pit.
 25421 | Lair:2   | Reached skill level 13 in Spellcasting
 25993 | Lair:2   | Found a runed translucent door.
 26280 | Lair:2   | Noticed billz999's ghost (journeyman DjFE)
 26289 | Lair:2   | Killed billz999's ghost
 26413 | Lair:2   | Got Cuyzov's Spellbook of Gloom
 26455 | Lair:2   | Got Kefemine's Spellweaving, Part Four
 26458 | Lair:2   | Identified the +1 chain mail of Ignis's Approval {Int+2}
 26887 | Lair:3   | Offered knowledge of Iskenderun's Battlesphere by Vehumet.
 26966 | Lair:3   | Found a dark tunnel.
 26974 | Volcano  | Entered a volcano
 28201 | Lair:3   | You are sucked into a shaft and drop 2 floors!
 28201 | Lair:5   | Entered Level 5 of the Lair of Beasts
 28201 | Lair:5   | Found a runed translucent door.
 28202 | Lair:5   | Found a viscous altar of Jiyva.
 28202 | Lair:5   | Found a staircase to the Slime Pits.
 28203 | Lair:5   | Noticed an acid blob
 29634 | Lair:4   | Reached skill level 10 in Fire Magic
 30522 | Lair:5   | Reached skill level 10 in Short Blades
 30522 | Lair:5   | Reached skill level 10 in Long Blades
 30522 | Lair:5   | Reached skill level 10 in Axes
 30522 | Lair:5   | Reached skill level 10 in Maces & Flails
 30522 | Lair:5   | Reached skill level 10 in Polearms
 30522 | Lair:5   | Reached skill level 10 in Staves
 30522 | Lair:5   | Reached skill level 10 in Ranged Weapons
 30522 | Lair:5   | Reached skill level 10 in Throwing
 30522 | Lair:5   | Reached skill level 10 in Armour
 30522 | Lair:5   | Reached skill level 10 in Dodging
 30522 | Lair:5   | Reached skill level 10 in Stealth
 30522 | Lair:5   | Reached skill level 10 in Shields
 30522 | Lair:5   | Reached skill level 10 in Unarmed Combat
 30522 | Lair:5   | Reached skill level 10 in Evocations
 31008 | Lair:5   | Reached XP level 15. HP: 118/118 MP: 19/32
 31549 | Lair:5   | Found a runed translucent door.
 32055 | Lair:5   | Noticed lotum's ghost (journeyman GrFi)
 32057 | Lair:5   | Identified the +9 spear of Light {holy, Contam Dex+6}
 33775 | Lair:4   | Killed lotum's ghost
 33945 | Lair:5   | Learned a level 5 spell: Iskenderun's Battlesphere
 34124 | Snake:1  | Entered Level 1 of the Snake Pit
 34968 | Snake:1  | Offered knowledge of Freezing Cloud by Vehumet.
 34974 | Snake:1  | Identified the +2 robe of Lugonu, Shouting {rPois Int+2}
 36196 | Snake:1  | Reached skill level 14 in Spellcasting
 36615 | Snake:2  | Found Fiuwo's Distillery.
 36942 | Snake:2  | Reached XP level 16. HP: 127/127 MP: 14/34
 37093 | Snake:2  | Bought a potion of curing for 30 gold pieces
 37093 | Snake:2  | Bought a potion of heal wounds for 50 gold pieces
 38163 | Snake:2  | Found Tarhom's Armour Emporium.
 38165 | Snake:2  | Found Hiomyhumm's General Store.
 38167 | Snake:2  | Found Larill's Magic Scroll Emporium.
 38300 | Snake:2  | Bought a potion of curing for 42 gold pieces
 38302 | Snake:2  | Bought a scroll of identify for 42 gold pieces
 38302 | Snake:2  | Bought a scroll of identify for 42 gold pieces
 38302 | Snake:2  | Bought a scroll of identify for 42 gold pieces
 38302 | Snake:2  | Identified a scroll of acquirement
 39221 | Snake:3  | Offered knowledge of Arcjolt by Vehumet.
 40033 | Snake:3  | Noticed a nagaraja
 40036 | Snake:3  | Killed a nagaraja
 40951 | Snake:4  | Entered Level 4 of the Snake Pit
 41205 | Snake:4  | Noticed Agnes
 42093 | Snake:4  | Killed Agnes
 42804 | Snake:4  | Reached XP level 17. HP: 108/135 MP: 3/35
 42916 | Snake:4  | Offered knowledge of Ozocubu's Refrigeration by Vehumet.
 43411 | Snake:4  | Reached skill level 10 in Conjurations
 43411 | Snake:4  | Reached skill level 10 in Hexes
 43411 | Snake:4  | Reached skill level 10 in Summonings
 43411 | Snake:4  | Reached skill level 10 in Necromancy
 43411 | Snake:4  | Reached skill level 10 in Translocations
 43411 | Snake:4  | Reached skill level 10 in Transmutations
 43411 | Snake:4  | Reached skill level 10 in Ice Magic
 43411 | Snake:4  | Reached skill level 10 in Air Magic
 43411 | Snake:4  | Reached skill level 10 in Earth Magic
 43411 | Snake:4  | Reached skill level 10 in Poison Magic
 45063 | Snake:4  | Learned a level 7 spell: Ozocubu's Refrigeration
 45552 | Snake:4  | Reached skill level 15 in Spellcasting
 46024 | Snake:4  | Got a serpentine rune of Zot
 47071 | D:12     | Found a broken altar of Ashenzari.
 49207 | D:14     | Reached ****** piety under Vehumet
 49492 | D:14     | Offered knowledge of Lehudib's Crystal Spear by Vehumet.
 49492 | D:14     | Offered knowledge of Fire Storm by Vehumet.
 49492 | D:14     | Offered knowledge of Shatter by Vehumet.
 50392 | D:14     | Identified the +0 flail of Arrival {vamp, rF+}
 50393 | D:14     | Identified the +1 flail "Etzit" {drain, Int+4}
 50395 | D:14     | Reached XP level 18. HP: 143/143 MP: 17/37
 50962 | D:14     | Upgraded the game from 0.30-a0-576-g89cddaab80 to
                  | 0.30-a0-578-gdee14c521f
 51188 | D:14     | Found a gate to the Vaults.
 51322 | D:14     | Found a blossoming altar of Fedhas.
 51535 | Shoals:1 | Entered Level 1 of the Shoals
 51535 | Shoals:1 | You fall into a shaft and drop 1 floor!
 52356 | Shoals:1 | Found Wubockee's Antique Weapon Emporium.
 52454 | Shoals:1 | Found Xekem's General Store.
 52806 | Shoals:1 | Found Oneos's Vocational Training.
 53705 | Shoals:1 | Found Avee's Antique Armour Emporium.
 53713 | Shoals:1 | Bought an embroidered cloak for 180 gold pieces
 53728 | Shoals:1 | Bought a glowing robe for 88 gold pieces
 53733 | Shoals:1 | Bought a glowing cloak for 180 gold pieces
 54149 | Shoals:2 | Found Fenibb's Book Shoppe.
 54238 | Shoals:2 | Bought the Papyrus of the Fifty Spines for 252 gold pieces
 54857 | Shoals:2 | Noticed Polyphemus
 54891 | Shoals:2 | Killed Polyphemus
 55337 | Shoals:2 | Noticed wormed's ghost (adept SpHu)
 55346 | Shoals:2 | Found a runed translucent gate.
 55346 | Shoals:2 | Found a runed translucent gate.
 55354 | Shoals:2 | Found a runed translucent gate.
 55889 | Shoals:3 | Noticed Mara
 56266 | Shoals:3 | Found Ifirac's Firing Range.
 56936 | Shoals:4 | Entered Level 4 of the Shoals
 56941 | Shoals:4 | Found Iehuptu's Incredible Inventory.
 57159 | Shoals:4 | Found Yxiraet's Book Shoppe.
 57174 | Shoals:4 | Found Weutwuja's Weapon Boutique.
 57236 | Shoals:4 | Found a frozen archway.
 57428 | IceCv    | Entered an ice cave
 58636 | IceCv    | Identified the +1 helmet of Henotheism {rC+ Str+6 Dex+3
                  | Slay-4}
 58671 | IceCv    | Noticed an Ice Fiend
 58712 | IceCv    | Killed an Ice Fiend
 59397 | Shoals:4 | Reached XP level 19. HP: 121/151 MP: 28/38
 60502 | Shoals:4 | Found Voasa's Book Shop.
 60509 | Shoals:4 | Bought a book of Air for 220 gold pieces
 60509 | Shoals:4 | Bought Great Wizards, Vol. VII for 300 gold pieces
 60514 | Shoals:4 | Learned a level 4 spell: Passage of Golubria
 60520 | Shoals:4 | Found Biamnoaq's Assorted Antiques.
 60717 | Shoals:4 | Identified the +0 scale mail of the Dropbear {Regen+ rCorr
                  | Str+3}
 60902 | Shoals:4 | Found Sanonk's Antique Armour Emporium.
 61034 | Shoals:4 | Got a barnacled rune of Zot
 61310 | Shoals:4 | Identified the +1 broad axe of Destiny {flame, rC+ rCorr
                  | Int+2}
 61481 | Shoals:3 | Noticed MineK's illusion
 61974 | Shoals:2 | Reached skill level 16 in Spellcasting
 62242 | Shoals:1 | Learned a level 2 spell: Blink
 63329 | Elf:1    | Entered Level 1 of the Elven Halls
 63650 | Elf:1    | You are sucked into a shaft and drop 1 floor!
 64296 | Elf:2    | Found a runed translucent gate.
 64296 | Elf:2    | Found a runed translucent gate.
 64296 | Elf:2    | Found a runed translucent gate.
 65777 | Elf:3    | Entered Level 3 of the Elven Halls
 66776 | Abyss:3  | Cast into level 3 of the Abyss (a deep elf sorcerer)
 66833 | Abyss:3  | Reached skill level 15 in Invocations
 66923 | Abyss:3  | Noticed a bone dragon
 66935 | Abyss:3  | Found a corrupted altar of Lugonu.
 66935 | Abyss:3  | Found a corrupted altar of Lugonu.
 67162 | Abyss:3  | Found a corrupted altar of Lugonu.
 67182 | Abyss:3  | Found a corrupted altar of Lugonu.
 67200 | Abyss:3  | Gained mutation: You are clumsy. (Dex -2) [a neqoxec]
 67482 | Abyss:3  | Noticed a bone dragon
 67822 | Abyss:3  | Reached XP level 20. HP: 85/160 MP: 4/36
 67825 | Abyss:4  | Found a corrupted altar of Lugonu.
 67851 | Elf:3    | Escaped the Abyss
 67898 | Elf:3    | Identified the ring "Qiso" {rPois rCorr Str+6 Dex-4}
 68280 | Elf:1    | Found a radiant altar of Vehumet.
 68435 | Elf:1    | Found Plog's Assorted Antiques.
 68514 | Elf:1    | Found Zaoz's Gadget Gallery.
 71407 | Elf:2    | Learned a level 3 spell: Swiftness
 71619 | Elf:3    | Identified the +1 scale mail of the Hidden Vale {rC+ Regen+
                  | Dex+4}
 72155 | Elf:3    | Noticed Roxanne
 72165 | Elf:3    | Noticed Donald
 72170 | Elf:3    | HP: 3/161 [deep elf master archer/arrow (16)]
 72231 | Elf:3    | Reached skill level 15 in Fighting
 73103 | Lair:1   | Gained mutation: You are somewhat resistant to further
                  | mutation. [mutagenic glow]
 73639 | Elf:3    | Identified the +6 quarterstaff "Blob" {venom, *Rage rElec
                  | Will+ Dex+3}
 74873 | Elf:3    | Lost mutation: You are clumsy. (Dex -2) [potion of
                  | mutation]
 74873 | Elf:3    | Lost mutation: You are somewhat resistant to further
                  | mutation. [potion of mutation]
 74873 | Elf:3    | Gained mutation: Your system is resistant to poisons.
                  | (rPois) [potion of mutation]
 74873 | Elf:3    | Gained mutation: You are partially covered in iridescent
                  | scales. (AC +2) [potion of mutation]
 76077 | Elf:3    | Identified the +0 pair of boots of the Teacher {Will-
                  | Int+4}
 76184 | Elf:3    | Killed Roxanne
 76273 | Elf:3    | Reached skill level 17 in Spellcasting
 76273 | Elf:3    | Reached XP level 21. HP: 168/168 MP: 24/42
 76356 | Elf:3    | Killed Donald
 76708 | D:15     | Entered Level 15 of the Dungeon
 76742 | D:15     | Found a stormy altar of Qazlal.
 77523 | D:15     | Found a staircase to the Depths.
 78170 | D:15     | Upgraded the game from 0.30-a0-578-gdee14c521f to
                  | 0.30-a0-585-g93115170b9
 78175 | Depths:1 | Entered Level 1 of the Depths
 78293 | Depths:1 | Reached skill level 15 in Stealth
 79321 | Depths:1 | Found an iron altar of Okawaru.
 79350 | Depths:1 | Noticed lmSkywalker's ghost (adept DrTm)
 79352 | Depths:1 | Found a transporter.
 79428 | Depths:1 | Found a transporter.
 79860 | Shoals:2 | Killed wormed's ghost
 80049 | Shoals:3 | Noticed MineK's illusion
 80049 | Shoals:3 | HP: 3/160 [Mara/bolt of fire (54)]
 80049 | Shoals:3 | Demolished by Mara (illusionary)

Illustrated notes

Levels and vault maps discovered:
D:1:      dpeg_arrival_round_c, layout_loops_ring, serial_bayou_lake_a
D:2:      layout_basic
D:3:      layout_basic, uniq_grinder
D:4:      kennysheep_spiral_hall, layout_rooms, nicolae_vehumet_radiance
D:5:      layout_basic, temple_hall, serial_shops, nicolae_shop_statue_plus,
          shop, hangedman_decor_push, minmay_misc_feat_square
D:6:      layout_loops_cross, mainiacjoe_overflow_concentric_impassable,
          nicolae_tso_besieged_by_evil, nicolae_overflow_hidden_temple,
          lemuel_crystal_altar, grunt_ministairs_4
D:7:      layout_rooms, mainiacjoe_overflow_cross_hatched,
          minmay_misc_feat_encased, hex_intersection, minmay_misc_feat_iff,
          uniq_menkaure, uniq_duvessa, uniq_joseph
D:8:      layout_gridville, kennysheep_generic_room_11
D:9:      layout_cave_pods, orc_david_3, gammafunk_ghost_necromancy
D:10:     layout_stronghold, elyvilon_altar_4, lemuel_tele_altar,
          nicolae_trove_entry_crystal
D:11:     layout_roguey, lair_entry_dummy, serial_shops, shop,
          nicolae_inconvenience_store, nicolae_stop_n_shop_2,
          nicolae_shop_hallway_stairs, uniq_josephine
D:12:     layout_stronghold, ashenzari_altar_1
D:13:     layout_rooms
D:14:     minmay_strange_plus, layout_loops_corners, david_vaults_1,
          fedhas_altar_4, minmay_beelzebubs_servants
D:15:     hangedman_depths_entry_civil_slaughter, layout_basic,
          nicolae_qazlal_general_emergency
Temple:   nicolae_temple_great_sept
Lair:1:   layout_hall_layers, basic_altar
Lair:2:   layout_chaotic_city, shoals_dummy_entry, guppyfry_snake_entry_island,
          ebering_ghost_reflecting_pool, minmay_lindwurm_lava
Lair:3:   layout_big_grid, enter_volcano_2, minivault_11, grunt_megastairs_4
Lair:4:   layout_gridlike, lemuel_fruit_fields
Lair:5:   grunt_lair_end_beastmaster, layout_hall_layers, slime_entry_2,
          ebering_ghost_funeral_grove
Shoals:1: layout_shoals, serial_shops, nicolae_shop_advertising_works
          [nicolae_subvault_shop_adworks], nicolae_shop_waterfront,
          nicolae_lakefront_shop, nicolae_shop_vocational
Shoals:2: layout_shoals, gammafunk_ghost_split, serial_shops, shop,
          uniq_polyphemus
Shoals:3: layout_shoals, nicolae_shop_firing_range, uniq_mara
Shoals:4: shoals_end_grunt_ice, layout_shoals, serial_shops,
          nicolae_shop_hallway_plus, shop_fountains, nicolae_square_shop, shop,
          nicolae_shop_hallway_stairs, portal_ice_cave_entry_dragon,
          nicolae_alphabet_shops
Snake:1:  layout_onion_interference
Snake:2:  layout_misc_corridors, serial_shops,
          nicolae_shop_temple_entry_statues_fountains, minmay_shop_star,
          serial_bayou_shore_a
Snake:3:  layout_layer_cave, grunt_megastairs_1
Snake:4:  johnstein_snake_rune_scales, layout_cave_town, hangedman_venom_bottle,
          uniq_agnes
Orc:1:    cheibrodos_orc_arena, layout_caves, serial_shops, special_room
          [special_room_orc], minmay_orc_keep
Orc:2:    grunt_orc_community_town_hall, layout_caves,
          grunt_orc_community_big_house_1, grunt_orc_community_big_house_2,
          grunt_orc_community_house_3, grunt_orc_community_house_3,
          grunt_orc_community_house_2, grunt_orc_community_house_3,
          grunt_orc_community_house_3, grunt_orc_community_house_1,
          gauntlet_entry_generic
Elf:1:    eino_elf_arrival_customs, layout_rooms, basic_altar, serial_shops,
          shop_fountains, kennysheep_underground_church, nicolae_shop_gadgets
Elf:2:    elven_hall_of_blades_hangedman_original
          [nicolae_blade_entry_area_security], layout_gridlike,
          corexii_hall_statues_u, nicolae_elf_deep_friendship
Elf:3:    minmay_elf_hall_furrowed, layout_loops_cross, elf_orc_summit_meeting,
          uniq_donald, uniq_roxanne
Depths:1: layout_big_octagon, minivault_14, gammafunk_ghost_arena,
          pf_vacation_house_of_asmodeus, grunt_ministairs_7, okawaru_trees_1

Skill      XL: |  1  2  3  4  5  6  7  8  9 10 11 12 13 14 15 16 17 18 19 20 21 |
---------------+----------------------------------------------------------------+-----
Spellcasting   | 10 11 12 13 14 15 16 17 | 17.2
Invocations    | 1 2 3 4 5 6 7 8 10 11 12 13 14 15 16 | 16.2
Short Blades   | 1 2 3 5 6 7 8 9 10 11 12 13 14 | 14.9
Long Blades    | 1 2 3 5 6 7 8 9 10 11 12 13 14 | 14.9
Axes           | 1 2 3 5 6 7 8 9 10 11 12 13 14 | 14.9
Maces & Flails | 1 2 3 5 6 7 8 9 10 11 12 13 14 | 14.9
Polearms       | 1 2 3 5 6 7 8 9 10 11 12 13 14 | 14.9
Staves         | 1 2 3 5 6 7 8 9 10 11 12 13 14 | 14.9
Ranged Weapons | 1 2 3 5 6 7 8 9 10 11 12 13 14 | 14.9
Throwing       | 1 2 3 5 6 7 8 9 10 11 12 13 14 | 14.9
Armour         | 1 2 3 5 6 7 8 9 10 11 12 13 14 | 14.9
Dodging        | 1 2 3 5 6 7 8 9 10 11 12 13 14 | 14.9
Stealth        | 1 2 3 5 6 7 8 9 10 11 12 13 14 15 | 15.3
Shields        | 1 2 3 5 6 7 8 9 10 11 12 13 14 | 14.9
Unarmed Combat | 1 2 3 5 6 7 8 9 10 11 12 13 14 | 14.9
Evocations     | 1 2 3 5 6 7 8 9 10 11 12 13 14 | 14.9
Conjurations   | 1 2 3 4 5 6 7 8 9 10 11 12 | 12.7
Hexes          | 1 2 3 4 5 6 7 8 9 10 11 12 | 12.7
Summonings     | 1 2 3 4 5 6 7 8 9 10 11 12 | 12.7
Necromancy     | 1 2 3 4 5 6 7 8 9 10 11 12 | 12.7
Translocations | 1 2 3 4 5 6 7 8 9 10 11 12 | 12.7
Transmutations | 1 2 3 4 5 6 7 8 9 10 11 12 | 12.7
Ice Magic      | 1 2 3 4 5 6 7 8 9 10 11 12 | 12.7
Air Magic      | 1 2 3 4 5 6 7 8 9 10 11 12 | 12.7
Earth Magic    | 1 2 3 4 5 6 7 8 9 10 11 12 | 12.7
Poison Magic   | 1 2 3 4 5 6 7 8 9 10 11 12 | 12.7
Fighting       | 5 6 7 8 9 10 11 12 13 14 15 | 15.5
Fire Magic     | 6 7 8 9 10 11 12 13 | 13.7

Action                   |  1- 3 |  4- 6 |  7- 9 | 10-12 | 13-15 | 16-18 | 19-21 || total
-------------------------+-------+-------+-------+-------+-------+-------+-------++-------
Melee: Club              |     3 |       |       |       |       |       |       ||     3
       Staff             |       |       |    13 |    23 |   159 |    91 |   255 ||   541
       Bite              |       |       |     2 |     1 |    27 |    16 |    31 ||    77
       Punch             |       |       |       |     1 |     7 |       |       ||     8
Throw: Throwing net      |       |       |       |     2 |       |       |       ||     2
 Cast: Foxfire           |    78 |    73 |   387 |   516 |     3 |       |     1 ||  1058
       Sandblast         |       |       |     5 |       |       |       |       ||     5
       Hailstorm         |       |       |     4 |    13 |    29 |       |       ||    46
       Searing Ray       |       |       |     2 |     2 |     1 |       |       ||     5
       Inner Flame       |       |       |     1 |       |       |       |       ||     1
       Sticky Flame      |       |       |       |     3 |     3 |       |    10 ||    16
       Stone Arrow       |       |       |       |   146 |   280 |    27 |    36 ||   489
       Mephitic Cloud    |       |       |       |    51 |    27 |     1 |       ||    79
       Lee's Rapid Decon |       |       |       |    24 |    39 |    24 |    16 ||   103
       Iron Shot         |       |       |       |       |   279 |   558 |   360 ||  1197
       Iskenderun's Batt |       |       |       |       |     3 |     5 |     1 ||     9
       Ozocubu's Refrige |       |       |       |       |       |   112 |   198 ||   310
       Blink             |       |       |       |       |       |       |    24 ||    24
       Passage of Golubr |       |       |       |       |       |       |     4 ||     4
       Swiftness         |       |       |       |       |       |       |     6 ||     6
Evoke: Wand              |       |       |       |     2 |    23 |     5 |    28 ||    58
       Lightning rod     |       |       |       |       |     7 |    10 |     7 ||    24
  Use: Scroll            |     1 |     6 |     7 |     8 |     8 |     9 |    18 ||    57
       Potion            |       |     1 |     3 |     1 |     8 |     9 |    19 ||    41
 Stab: Sleeping          |       |       |       |       |       |       |     1 ||     1
Armor: Robe              |     8 |     7 |    19 |    24 |   100 |    80 |   178 ||   416
       Steam dragon scal |       |       |       |    60 |    18 |       |       ||    78
       Leather armour    |       |       |       |       |       |     7 |       ||     7
Dodge: Dodged            |    38 |    13 |   125 |   289 |   352 |   186 |   332 ||  1335
Block: Buckler           |       |       |       |       |    18 |   177 |   237 ||   432
       Reflection        |       |       |       |       |     7 |    42 |    22 ||    71
       Kite shield       |       |       |       |       |       |       |    46 ||    46

Table legend: (Time is in decaauts)
 A = Elapsed time spent in this place.
 B = Non-inter-level travel time spent in this place.
 C = Inter-level travel time spent in this place.
 D = Time resting spent in this place.
 E = Time spent auto-exploring this place.
 F = Levels seen in this place.
 G = Mean time per level.
                   A        B        C        D        E       F      G
               +--------+--------+--------+--------+--------+-----+--------+
         Total |  80076 |  76009 |   4067 |  34259 |  24405 |  40 | 2001.9 |
       Dungeon |  24202 |  21825 |   2377 |   5067 |  12143 |  15 | 1613.5 |
        Temple |     80 |     80 |      0 |      0 |     58 |   1 |   80.0 |
          Lair |  11172 |  10601 |    571 |   4613 |   3260 |   5 | 2234.4 |
        Shoals |   9404 |   9390 |     14 |   4965 |   2335 |   4 | 2351.0 |
     Snake Pit |  12086 |  11620 |    466 |   6396 |   3200 |   4 | 3021.5 |
  Orcish Mines |   5724 |   5413 |    311 |   2607 |   1215 |   2 | 2862.0 |
   Elven Halls |  11569 |  11253 |    316 |   6925 |   1822 |   3 | 3856.3 |
        Depths |   1116 |   1106 |     10 |    624 |    154 |   1 | 1116.0 |
         Abyss |   1080 |   1080 |      0 |    876 |      2 |   2 |  540.0 |
      Ice Cave |   1927 |   1927 |      0 |   1377 |    150 |   1 | 1927.0 |
       Volcano |    847 |    847 |      0 |    402 |     26 |   1 |  847.0 |
      Gauntlet |    864 |    864 |      0 |    404 |     39 |   1 |  864.0 |
               +--------+--------+--------+--------+--------+-----+--------+

Top non-repeatable levels by time:
   Elf:2: 5430 daAuts
   Elf:3: 4552 daAuts
 Snake:4: 4175 daAuts
   Orc:1: 3172 daAuts
 Snake:1: 3024 daAuts
  Lair:5: 2933 daAuts
Shoals:1: 2832 daAuts
 Snake:3: 2806 daAuts
     D:9: 2774 daAuts
  Lair:2: 2670 daAuts
Shoals:2: 2635 daAuts
    D:10: 2629 daAuts
   Orc:2: 2551 daAuts
     D:6: 2285 daAuts
  Lair:4: 2200 daAuts
